 Dungeon Crawl Stone Soup version 0.19.1-1-g22dce08 (webtiles) character file.

2267 JeffiDaFish the Skirmisher (level 9, -6/57 HPs)
             Began as a Gargoyle Fighter on Jan 2, 2017.
             Was a Follower of Makhleb.
             Mangled by a hill giant
             ... wielding a +0 giant club
              (33 damage)
             ... on level 7 of the Dungeon on Jan 3, 2017.
             The game lasted 00:16:01 (6220 turns).

JeffiDaFish the Skirmisher (Gargoyle Fighter)       Turns: 6220, Time: 00:16:01

Health: -6/57      AC: 17    Str: 21    XL:     9   Next: 38%
Magic:  13/13      EV:  6    Int:  8    God:    Makhleb [*.....]
Gold:   334        SH: 11    Dex: 10    Spells: 1 memorised, 13 levels left

rFire  + . .     SeeInvis .     a - +1 flail
rCold  . . .     Gourm    +     q - +0 chain mail
rNeg   + . .     Faith    .     c - +1 shield
rPois  ∞         Spirit   .     (no helmet)
rElec  +         Reflect  .     r - +2 cloak {rPois}
rCorr  .         Harm     .     (no gloves)
MR     .....                    d - +1 pair of boots
Stlth  ..........               v - amulet of Xirhug {Gourm rPois rF+}
                                (no ring)
                                t - ring of wizardry

@: no status effects
A: clumsy 1, deformed body, negative energy resistance 1, electricity
resistance, unbreathing, evolution 1, petrification resistance, rot immunity, AC
+5
a: Renounce Religion


You were on level 7 of the Dungeon.
You worshipped Makhleb.
Makhleb was aware of your devotion.
You were not hungry.

You visited 2 branches of the dungeon, and saw 8 of its levels.

You collected 334 gold pieces.

Inventory:

Hand Weapons
 a - a +1 flail (weapon)
Armour
 c - a +1 shield (worn)
 d - a +1 pair of boots (worn)
 q - a +0 chain mail (worn)
 r - a +2 cloak of poison resistance (worn)
Jewellery
 t - a ring of wizardry (left hand)
 v - the amulet of Xirhug (around neck) {Gourm rPois rF+}
   (You found it on level 7 of the Dungeon)

   [amulet of the gourmand]

   It allows you to eat raw meat even when not hungry.
   It protects you from fire.
   It protects you from poison.
Scrolls
 h - 3 scrolls of fear
 k - 2 scrolls of teleportation
 u - 2 scrolls of silence
Potions
 e - 4 potions of curing
 j - 2 potions of berserk rage
 p - a potion of invisibility
Books
 n - a book of Cantrips

   Spells                             Type                      Level
   a - Confusing Touch                Hexes                        1
   b - Animate Skeleton               Necromancy                   1
   c - Summon Small Mammal            Summoning                    1
   d - Apportation                    Translocation                1
Comestibles
 f - 4 bread rations
 g - a beef jerky
 i - a royal jelly
 l - 4 meat rations
 m - 3 fruits
 o - 10 chunks of flesh
 w - a slice of pizza


   Skills:
 * Level 7.2 Fighting
 * Level 6.0 Maces & Flails
 * Level 6.6 Armour
 - Level 0.2 Dodging
 * Level 6.8 Shields
 + Level 3.0 Spellcasting
 + Level 2.5 Necromancy


You had 13 spell levels left.
You knew the following spells:

 Your Spells              Type           Power        Failure   Level  Hunger
a - Animate Skeleton      Necr           N/A          93%         1    ##.....


Dungeon Overview and Level Annotations

Branches:
Dungeon (7/15)             Temple (1/1) D:5

Altars:
Ashenzari
Cheibriados
Dithmenos
Elyvilon
Fedhas
Gozag
Hepliaklqana
Kikubaaqudgha
Makhleb
Nemelex Xobeh
Okawaru
Qazlal
Ru
Sif Muna
Trog
Uskayaw
Vehumet
Xom
Yredelemnul
Zin
The Shining One

Shops:
D:6 *


Innate Abilities, Weirdness & Mutations

You are resistant to torment.
Your stone body is resilient. (AC +5)
You are immune to poison.
You resist negative energy. (rN+)
You are resistant to electric shocks. (rElec)
You can survive without breathing.
You are immune to petrification.
You are immune to rotting.
You are clumsy. (Dex -2)
Armour fits poorly on your strangely shaped body.
You evolve.


Message History

The hill giant is moderately wounded.
The hill giant hits you with a giant club.
You hit the hill giant.
The hill giant is heavily wounded.
You block the hill giant's attack.
You barely miss the hill giant.
The hill giant is heavily wounded.
You block the hill giant's attack.
You hit the hill giant but do no damage.
The hill giant is heavily wounded.
The hill giant hits you with a giant club!!
Some of the chunks of flesh in your inventory have rotted away.
You completely miss the hill giant.
The hill giant is moderately wounded.
You block the hill giant's attack.
You barely miss the hill giant.
The hill giant is moderately wounded.
The hill giant hits you with a giant club!!
Ouch! That really hurt!
You die...

.)# . #.#.#.# ###
..####.....#
...........####
............... # ###
#.##.#.....# # #..
#.##.#C....# # ##.## #
#.##.#.##### ####...#####
#.###.##.#.#
...........###..@C......##
####...#...".########....#
#####.##.###.# #....#
.........# #.# #....#####
########.###.# #........#
#.....# ###.####.# ###.#.#
#.# #.# #....# #.# #.#
#..#.# ##.## #.#


You could see a hill giant.

Vanquished Creatures
  Eustachio (D:6)
  Duvessa (D:7)
  A black bear (D:6)
  A sky beast (D:5)
  2 phantoms (D:6)
  A centaur (D:7)
  2 ogres
  3 bullfrogs
  Dowan (D:7)
  2 howler monkeys
  A crimson imp (D:6)
  3 jellies
  A bullfrog zombie (D:6)
  2 hounds
  2 centaur skeletons
  2 orc priests (D:5)
  3 orc wizards
  Crazy Yiuf (D:7)
  2 bullfrog skeletons
  A gnoll shaman (D:7)
  4 iguanas
  Ijyb (D:3)
  3 worker ants
  2 hound zombies (D:5)
  A hound skeleton (D:4)
  10 gnolls
  10 adders
  A shadow imp (D:5)
  An adder skeleton (D:4)
  An adder zombie (D:5)
  2 worms
  2 dart slugs
  8 leopard geckos
  16 orcs
  A ball python (D:3)
  A bat (D:2)
  5 giant cockroaches
  12 hobgoblins
  4 jackals
  10 kobolds
  A quokka (D:6)
  6 frilled lizards
  6 goblins
  A leopard gecko skeleton (D:5)
  8 rats
150 creatures vanquished.

Notes
Turn   | Place    | Note
-------+----------+-------------------------------------------
     0 | D:1      | JeffiDaFish the Gargoyle Fighter began the quest for the Orb.
     0 | D:1      | Reached XP level 1. HP: 14/14 MP: 1/1
    94 | D:1      | Reached XP level 2. HP: 19/19 MP: 2/2
   530 | D:2      | Reached XP level 3. HP: 23/23 MP: 3/3
  1203 | D:2      | Reached skill level 4 in Fighting
  1203 | D:2      | Reached XP level 4. HP: 25/29 MP: 4/4
  1644 | D:2      | You fall through a shaft!
  1699 | D:3      | Reached XP level 5. HP: 22/33 MP: 5/5
  1839 | D:3      | Learned a level 1 spell: Animate Skeleton
  1879 | D:3      | Noticed Ijyb
  1895 | D:3      | Killed Ijyb
  2143 | D:3      | Reached XP level 6. HP: 39/39 MP: 7/7
  2515 | D:4      | Reached skill level 1 in Spellcasting
  2592 | D:4      | You fall through a shaft!
  2592 | D:5      | Entered Level 5 of the Dungeon
  2605 | D:5      | Reached skill level 1 in Necromancy
  2726 | D:5      | Noticed a sky beast
  2741 | D:5      | Killed a sky beast
  2741 | D:5      | Reached skill level 5 in Fighting
  2741 | D:5      | Reached XP level 7. HP: 44/44 MP: 9/9
  2849 | D:5      | Reached skill level 5 in Shields
  3076 | D:4      | Found a glowing golden altar of the Shining One.
  3078 | D:4      | Found a snail-covered altar of Cheibriados.
  3482 | D:5      | Found a staircase to the Ecumenical Temple.
  3502 | D:5      | Reached skill level 5 in Armour
  3510 | D:5      | HP: 2/44 [ogre/giant club (17)]
  3801 | Temple   | Entered the Ecumenical Temple
  3836 | Temple   | Became a worshipper of Makhleb the Destroyer
  3886 | D:5      | Found an ancient bone altar of Kikubaaqudgha.
  3938 | D:5      | Reached XP level 8. HP: 51/51 MP: 10/10
  4260 | D:5      | Found an iron altar of Okawaru.
  4453 | D:5      | Gained mutation: You evolve. [potion of beneficial mutation]
  4489 | D:5      | Reached skill level 5 in Maces & Flails
  4490 | D:5      | Found a white marble altar of Elyvilon.
  4557 | D:5      | Reached skill level 6 in Fighting
  4562 | D:5      | Gained mutation: You are clumsy. (Dex -2) [evolution]
  4918 | D:6      | Reached * piety under Makhleb
  5015 | D:6      | Noticed Eustachio
  5042 | D:6      | HP: 2/52 [white imp[Eustachio] (3)]
  5076 | D:6      | Killed Eustachio
  5336 | D:6      | Found Gozag's Platinum Reserve.
  5336 | D:6      | Found an opulent altar of Gozag.
  5352 | D:6      | Reached XP level 9. HP: 52/56 MP: 10/13
  5926 | D:7      | Found a runed door.
  5930 | D:7      | Noticed Crazy Yiuf
  5941 | D:7      | Killed Crazy Yiuf
  5941 | D:7      | Reached skill level 7 in Fighting
  5990 | D:7      | Noticed Duvessa
  5992 | D:7      | Noticed Dowan
  6029 | D:7      | Killed Duvessa
  6074 | D:7      | Killed Dowan
  6118 | D:7      | Got a heavily runed bronze amulet
  6119 | D:7      | Identified the amulet of Xirhug {Gourm rPois rF+} (You found it on level 7 of the Dungeon)
  6153 | D:7      | Gained mutation: Armour fits poorly on your strangely shaped body. [potion of mutation]
  6197 | D:7      | Noticed a hill giant
  6220 | D:7      | Mangled by a hill giant

Skill      XL: |  1  2  3  4  5  6  7  8  9 |
---------------+----------------------------+-----
Fighting       | 4 5 6 7 |  7.2
Maces & Flails | 3 4 5 6 |  6.0
Shields        | 4 5 6 |  6.8
Armour         | 4 5 6 |  6.6
Spellcasting   | 1 2 3 |  3.0
Necromancy     | 1 2 |  2.5
Dodging        | |  0.2

Action                   |  1- 3 |  4- 6 |  7- 9 || total
-------------------------+-------+-------+-------++-------
Melee: Flail             |   137 |   227 |   474 ||   838
  Use: Scroll            |     5 |     3 |     7 ||    15
       Potion            |     6 |     2 |     8 ||    16
  Eat: Chunk             |     2 |     5 |    10 ||    17
       Royal jelly       |       |       |     1 ||     1
Armor: Scale mail        |    79 |   134 |   302 ||   515
       Chain mail        |       |       |    86 ||    86
Dodge: Dodged            |    51 |    80 |   219 ||   350
Block: Shield            |    67 |   165 |   396 ||   628
